 Dungeon Crawl Stone Soup version 0.20.0-8-g6b59dc7 (webtiles) character file.

364 GordonOverkill the Cudgeler (level 6, -1/46 HPs)
             Began as a Minotaur Air Elementalist on May 31, 2017.
             Was an Initiate of Hepliaklqana.
             Slain by an iguana (9 damage)
             ... on level 4 of the Dungeon.
             The game lasted 00:15:46 (5290 turns).

GordonOverkill the Cudgeler (MiAE)                  Turns: 5290, Time: 00:15:47

Health: -1/46      AC:  8    Str: 14    XL:     6   Next: 39%
Magic:  7/7        EV:  6    Int: 12    God:    Hepliaklqana [......]
Gold:   204        SH:  0    Dex: 11    Spells: 4/7 levels left

rFire    . . .     SeeInvis +   a - +0 morningstar
rCold    . . .     Gourm    .   (no shield)
rNeg     . . .     Faith    .   c - +0 chain mail
rPois    .         Spirit   .   (helmet restricted)
rElec    .         Reflect  .   (no cloak)
rCorr    .         Harm     .   (no gloves)
MR       .....                  (no boots)
Stlth    ..........             f - amulet of magic regeneration
Regen    0.2/turn               d - ring of see invisible
MPRegen  0.2/turn               (no ring)

@: no status effects
A: retaliatory headbutt, reduced essence, horns 2
a: Recall Ancestor, Ancestor Identity, Renounce Religion


You were on level 4 of the Dungeon.
You worshipped Hepliaklqana.
Hepliaklqana was noncommittal.
You were not hungry.

You visited 1 branch of the dungeon, and saw 5 of its levels.

You collected 204 gold pieces.

Inventory:

Hand Weapons
 a - a +0 morningstar (weapon)
 g - a +0 whip
Missiles
 e - 51 stones (quivered)
Armour
 c - a +0 chain mail (worn)
Jewellery
 d - a ring of see invisible (left hand)
 f - an amulet of magic regeneration (around neck)
 t - an uncursed amulet of harm {unknown}
 y - a cursed ring of loudness {unknown}
Wands
 q - a wand of polymorph (12/24)
Scrolls
 h - 5 scrolls of magic mapping {unknown}
 i - a scroll of enchant armour {unknown}
 k - a scroll of random uselessness {unknown}
 l - a scroll of fog {unknown}
 o - 2 scrolls of remove curse {unknown}
 s - a scroll of immolation {unknown}
 u - 6 scrolls of identify {unknown}
Potions
 j - a potion of haste {unknown}
 n - a potion of lignification {unknown}
 p - a potion of berserk rage {unknown}
 r - a potion of heal wounds {unknown}
 w - a potion of degeneration {unknown}
 x - a potion of flight {unknown}
Books
 b - a book of Air

   Spells                             Type                      Level
   a - Shock                          Conjuration/Air              1
   b - Swiftness                      Charms/Air                   2
   c - Static Discharge               Conjuration/Air              3
   d - Airstrike                      Air                          4
   e - Lightning Bolt                 Conjuration/Air              5
Comestibles
 m - a bread ration
 v - 2 royal jellies
 z - a chunk of flesh


   Skills:
 - Level 4.2 Fighting
 + Level 5.8 Maces & Flails
 - Level 2.3 Armour
 - Level 2.1 Dodging
 - Level 1.5 Stealth
 - Level 1.3 Spellcasting
 - Level 0.6 Conjurations
 - Level 2.1 Air Magic


You had 4 spell levels left.
You knew the following spells:

 Your Spells              Type           Power        Failure   Level  Hunger
a - Shock                 Conj/Air       #...         99%         1    ##.....
b - Swiftness             Chrm/Air       #.......     100%        2    ###....


Dungeon Overview and Level Annotations

Branches:
Dungeon (5/15)
 Temple: D:4-7

Altars:
Cheibriados
Elyvilon
Fedhas
Gozag
Hepliaklqana
Nemelex Xobeh


Innate Abilities, Weirdness & Mutations

You reflexively headbutt those who attack you in melee.
You have a pair of horns on your head.
Your life essence is reduced. (-10% HP)


Message History

The iguana bites you but does no damage.
Your chain mail prevents you from hitting the iguana.
The iguana bites you!
Aahotepre barely misses the iguana.
The iguana bites you.
You puncture the iguana!
The iguana is heavily wounded.
Aahotepre hits the iguana.
The iguana bites you!
Aahotepre hits the iguana but does no damage.
You are too injured to fight recklessly!
You are too injured to fight recklessly!
You are too injured to fight recklessly!
You hit the iguana. You headbutt the iguana.
The iguana is almost dead.
The iguana bites you!
* * * LOW HITPOINT WARNING * * *
Aahotepre hits the iguana but does no damage.
Unknown command.
Your chain mail prevents you from hitting the iguana.
The iguana is almost dead.
The iguana bites you!
You die...

.##...?.......................#
..........#### #..............#
.....#..#### #..............#
.....#.....# #..............#
.(...#.....#####...........##+###
.....#...........................
##+#.#............######..<......
#.....##.......######.........
#.....++.....@R........#######
......$##......l#########
.....................
##.#....#####......... .#+#
#.......... #.#######.. ... .
....


You could see the friendly Aahotepre the ancestor and an iguana.

Vanquished Creatures
  An ogre (D:4)
  A scorpion (D:4)
  A howler monkey (D:4)
  A jelly (D:4)
  Jessica (D:3)
  5 adders
  2 oozes
  3 dart slugs
  4 leopard geckos
  2 orcs
  2 ball pythons
  12 bats
  6 giant cockroaches
  6 goblins
  6 hobgoblins
  9 kobolds
  4 quokkas
  7 frilled lizards
  A quokka skeleton (D:4)
  6 rats
80 creatures vanquished.

Notes
Turn   | Place    | Note
-------+----------+-------------------------------------------
     0 | D:1      | GordonOverkill the Minotaur Air Elementalist began the quest for the Orb.
     0 | D:1      | Reached XP level 1. HP: 14/14 MP: 1/1
   115 | D:1      | Reached skill level 1 in Fighting
   607 | D:1      | Reached XP level 2. HP: 24/24 MP: 3/3
  1596 | D:1      | Reached XP level 3. HP: 29/31 MP: 0/4
  1961 | D:2      | Learned a level 2 spell: Swiftness
  1981 | D:2      | Found a snail-covered altar of Cheibriados.
  2194 | D:2      | Found a blossoming altar of Fedhas.
  3087 | D:2      | Reached skill level 1 in Armour
  3087 | D:2      | Reached XP level 4. HP: 37/40 MP: 5/5
  3124 | D:2      | Found a sparkling altar of Nemelex Xobeh.
  3726 | D:3      | Found a white marble altar of Elyvilon.
  3849 | D:3      | Reached skill level 1 in Maces & Flails
  4187 | D:3      | Noticed Jessica
  4197 | D:3      | Reached skill level 2 in Maces & Flails
  4214 | D:3      | Killed Jessica
  4214 | D:3      | Reached XP level 5. HP: 46/46 MP: 6/6
  4678 | D:4      | Reached skill level 3 in Maces & Flails
  4736 | D:4      | Found an opulent altar of Gozag.
  4736 | D:4      | Found a hazy altar of Hepliaklqana.
  4843 | D:4      | Became a worshipper of Hepliaklqana the Forgotten
  4857 | D:5      | Entered Level 5 of the Dungeon
  5040 | D:4      | Noticed an ogre
  5046 | D:4      | Killed an ogre
  5046 | D:4      | Reached skill level 4 in Maces & Flails
  5046 | D:4      | Reached XP level 6. HP: 34/46 MP: 7/7
  5148 | D:4      | Reached skill level 5 in Maces & Flails
  5290 | D:4      | Slain by an iguana

Skill      XL: |  1  2  3  4  5  6 |
---------------+-------------------+-----
Fighting       | 2 3 4 |  4.2
Armour         | 1 2 |  2.3
Maces & Flails | 2 4 5 |  5.8
Dodging        | |  2.1
Stealth        | |  1.5
Spellcasting   | |  1.3
Conjurations   | |  0.6
Air Magic      | |  2.1

Action                   |  1- 3 |  4- 6 || total
-------------------------+-------+-------++-------
Melee: Unarmed           |     5 |       ||     5
       Whip              |    98 |    76 ||   174
       Headbutt          |    10 |    31 ||    41
       Morningstar       |       |    69 ||    69
Throw: Stone             |    63 |     6 ||    69
 Cast: Shock             |    24 |       ||    24
  Eat: Chunk             |     3 |     8 ||    11
       Bread ration      |     1 |       ||     1
Armor: Robe              |    10 |       ||    10
       Chain mail        |    48 |    64 ||   112
       Skin              |       |     2 ||     2
Dodge: Dodged            |    80 |    37 ||   117
